Cogmind - Beta 15 @@@ ROGUE MODE // 2025.08.10 @ 21:51:42 Player: Raix Result: Self-destructed Performance ------------- Evolutions (1) 500 Regions Visited (3) 600 Robots Destroyed (76) 380 Value Destroyed (1525) 1525 Prototype IDs (0) 0 Alien Tech Used (0) 0 Bonus (0) 0 TOTAL SCORE: 3005 Bonus ------- None Cogmind --------- Core Integrity 172/400 Matter 289/300 Energy 100/100 System Corruption 0% Temperature Cool (11) Movement Treading (240) Ox1 Location -9/Mines Parts ------- > --- POWER (1) -------- (None) > --- PROPULSION (3) --- Light Treads > --- UTILITY (3) ------ Large Storage Unit Visual Processing Unit Seismic Detector > --- WEAPON (2) ------- Heavy Assault Rifle > --- INVENTORY (15) --- Light Ion Engine Light Ion Engine Light Ion Engine Light Treads Small Matter Pod (50) Small Matter Pod (50) Visual Processing Unit Improved Targeting Computer Melee Analysis Suite Beam Rifle Particle Gun Light Assault Rifle Heavy Assault Rifle Peak State ------------ > --- POWER ------------ Improved Ion Engine > --- PROPULSION ------- Light Treads Light Treads Light Treads > --- UTILITY ---------- Large Storage Unit Visual Processing Unit Seismic Detector > --- WEAPON ----------- Heavy Assault Rifle Heavy Assault Rifle > --- INVENTORY -------- Light Ion Engine Light Ion Engine Light Ion Engine Light Treads Small Matter Pod Small Matter Pod Visual Processing Unit Improved Targeting Computer Melee Analysis Suite Beam Rifle Particle Gun Light Assault Rifle Heavy Assault Rifle [Rating: 15] Favorites ----------- Power Ion Engine Engine Ion Engine Power Core Light Nuclear Core Propulsion Light Treads Treads Light Treads Leg Aluminum Leg Utility Large Storage Unit Device Seismic Detector Storage Large Storage Unit Processor Targeting Computer Weapon Light Assault Rifle Ballistic Gun Light Assault Rifle Build | -11 -10 -9 -9 ------- Run | Yrd Mat Mat Min Slots Evolved 2 | . . 2 . Power . | . . . . Propulsion 1 | . . 1 . Utility 1 | . . 1 . Weapon . | . . . . Parts Attached 45 | 7 12 21 5 Power 9 | 1 4 4 . Engine 8 | 1 3 4 . Core 1 | . 1 . . Reactor . | . . . . Propulsion 17 | 2 6 7 2 Treads 13 | 2 2 7 2 Leg 4 | . 4 . . Wheel . | . . . . Hover . | . . . . Flight . | . . . . Utility 8 | 2 1 4 1 Device 4 | 1 . 3 . Storage 2 | 1 1 . . Processor 2 | . . 1 1 Hackware . | . . . . Protection . | . . . . Artifact . | . . . . Weapon 11 | 2 1 6 2 Energy Gun . | . . . . Energy Cannon . | . . . . Ballistic Gun 11 | 2 1 6 2 Ballistic Cannon . | . . . . Launcher . | . . . . Special Weapon . | . . . . Impact Weapon . | . . . . Slashing Weapon . | . . . . Piercing Weapon . | . . . . Special Melee Weapon . | . . . . Unidentified Prototypes . | . . . . Parts Lost 23 | . 8 9 6 Power 3 | . 1 1 1 Propulsion 11 | . 4 4 3 Utility 3 | . 1 2 . Weapon 6 | . 2 2 2 Highest Loss Streak 4 | . 4 3 4 To Critical Strikes . | . . . . Average Backups 10 | 6 8 13 13 Power 3 | 2 2 3 3 Propulsion 1 | . 1 2 . Utility 3 | 2 3 2 5 Weapon 2 | . 1 3 3 Tool/Special . | . . . . Unused Backups 23 | . 4 8 11 Power 3 | . . 1 2 Propulsion 1 | . 1 . . Utility 11 | . 2 1 8 Weapon 8 | . 1 6 1 Tool/Special . | . . . . Average Slot Usage (%) 90 | . 85 93 97 Engine 9 | . 9 10 10 Core 1 | . 4 . . Treads 26 | . 17 31 32 Leg 2 | . 7 . . Device 12 | . 10 13 12 Storage 12 | . 14 11 11 Processor 4 | . . 6 9 Ballistic Gun 20 | . 21 20 20 Peak Build Rating 15 | 8 8 14 15 Average Rating 9 | 7 7 11 14 On Entrance 7 | . 8 8 14 Naked Turns . | . . . . Heaviest Build 35 | 14 27 35 35 Greatest Support 63 | 40 40 63 60 Greatest Overweight (x) 3 | . 3 . . Average Overweight (x) . | . . . . Largest Inventory Capacity 15 | 8 15 15 15 Average Capacity 11 | 7 10 15 15 Most Carried 15 | 8 11 15 15 Average Carried 10 | 6 8 13 13 Final Capacity 15 | 8 15 15 15 Final Carried 15 | 8 11 15 13 Class Distribution -------------------- 51% | Mutant 48% | Scavenger-Mutant Dominant Class ---------------- Mutant | -10/Materials Scavenger-Mutant | -9/Materials Scavenger-Mutant | -9/Mines Resources | -11 -10 -9 -9 ----------- Run | Yrd Mat Mat Min Matter Collected 1716 | 422 408 830 56 Remotely 648 | 253 395 . . Salvage Created 2428 | 278 852 1254 44 Parts 178 | 28 56 91 3 Haulers Intercepted 2 | . 1 1 . Recyclers Shooed 2 | . 2 . . Parts Field Recycled . | . . . . Retrieved Matter . | . . . . Parts Self-Destructed . | . . . . Prevented . | . . . . Kills | -11 -10 -9 -9 ------- Run | Yrd Mat Mat Min Combat Hostiles Destroyed 42 | . 15 24 3 Guns 42 | . 15 24 3 Classes Destroyed 12 | 3 5 3 1 Worker 10 | 4 4 2 . Builder 5 | . 3 2 . Tunneler 11 | 9 . 2 . Hauler 2 | . 1 1 . Recycler 2 | 1 1 . . Mechanic 1 | . . 1 . Watcher 4 | . 1 3 . Swarmer 8 | . 3 3 2 Grunt 26 | . 12 14 . Duelist 1 | . . 1 . Sentry 6 | . . 6 . Assembled 1 | . . . 1 Best Kill Streak 6 | 3 6 5 2 Combat Bots Only 5 | . 5 3 2 Max Kills in Single Turn 2 | 1 2 1 1 Gunslinging 1 | . 1 . . Exploded . | . . . . Melee . | . . . . Uniques/NPCs Destroyed . | . . . . Combat | -11 -10 -9 -9 -------- Run | Yrd Mat Mat Min Hostile Shots Fired 415 | . 141 211 63 Missed 117 | . 38 62 17 Hits 298 | . 103 149 46 Melee 9 | . . 1 8 Projectile 289 | . 103 148 38 Critical Strikes 2 | . . 1 1 Part Disruptions 2 | . . . 2 Damage Taken 3573 | . 1133 1758 682 Core 420 | . 192 153 75 Absorbed by Shields . | . . . . Core Remaining (%) 61 | 100 23 . . Volleys Fired 341 | 38 132 162 9 Largest 2 | 2 2 2 2 Hottest 46 | 40 40 46 46 Shots Fired 565 | 76 206 269 14 Gun 565 | 76 206 269 14 Cannon . | . . . . Launcher . | . . . . Special . | . . . . Kinetic 565 | 76 206 269 14 Thermal . | . . . . Explosive . | . . . . Electromagnetic . | . . . . Robot Hit Streak 30 | 7 14 30 3 Robot Miss Streak 4 | 2 4 4 2 Penetration Max . | . . . . Secondary Targets 5 | . 4 1 . Max Gunslinging Chain 1 | . 1 1 . Shots Hit Robots 379 | 47 127 197 8 Core Hits 146 | 21 53 68 4 Critical Kills . | . . . . Critical Parts Destroyed 2 | . 1 1 . Critical Strikes 2 | . 1 1 . Destroy 2 | . 1 1 . Melee Attacks . | . . . . Impact . | . . . . Slashing . | . . . . Piercing . | . . . . Sneak Attacks . | . . . . Combat Hostiles . | . . . . Follow-up Attacks . | . . . . Damage Inflicted 4203 | 539 1186 2347 131 Guns 4183 | 539 1184 2330 130 Cannons . | . . . . Explosions . | . . . . Melee . | . . . . Ramming 20 | . 2 17 1 Kinetic 4183 | 539 1184 2330 130 Thermal . | . . . . Explosive . | . . . . Electromagnetic . | . . . . Impact . | . . . . Slashing . | . . . . Piercing . | . . . . Highest Corruption . | . . . . Average Corruption . | . . . . Corruption Purged . | . . . . Corruption Blocked . | . . . . Overload Shots . | . . . . Overflow Damage . | . . . . Projectiles . | . . . . Explosions . | . . . . Melee . | . . . . Knockbacks 1 | . . 1 . Impact 1 | . . 1 . Kinetic . | . . . . Secondary . | . . . . Self-Inflicted Damage . | . . . . Shots . | . . . . Rammed 4 | . 1 2 1 Targets Rammed 5 | . 1 3 1 Kicked . | . . . . Crushed 1 | . . 1 . Highest Temperature 32 | . 24 27 32 Average Temperature 6 | . 5 4 19 Received Heat Transfer 1398 | . 531 729 138 Siege Activations . | . . . . Martial Activations . | . . . . Shielding Activations . | . . . . Robots Disrupted . | . . . . Combat Hostiles . | . . . . Robots Corrupted . | . . . . Combat Hostiles . | . . . . Parts Fried . | . . . . Impact Corruptions . | . . . . Robots Melted . | . . . . Combat Hostiles . | . . . . Parts Melted 1 | . . 1 . Heat Transferred . | . . . . Parts Sabotaged . | . . . . Parts Stolen . | . . . . Parts Stripped . | . . . . Power Chain Reactions . | . . . . Alert | -11 -10 -9 -9 ------- Run | Yrd Mat Mat Min Maximum Alert Level 1 | . . 1 . Low Security (%) 99 | 100 100 98 100 Level 1 . | . . 1 . Level 2 . | . . . . Level 3 . | . . . . Level 4 . | . . . . Level 5 . | . . . . High Security . | . . . . Max Security . | . . . . Peak Influence 228 | 10 170 228 133 Initial 88 | . . 13 88 Average 50 | . 97 48 54 Influence Increases 1333 | 70 474 724 65 Destroy 0b10 Robot/C 820 | . 300 480 40 Destroy 0b10 Robot/NC 175 | 70 50 55 . Destroy Leader 202 | . 64 128 10 Destroy Structure 1 | . . 1 . Lose Combat Pursuer 135 | . 60 60 15 Influence Decreases 1333 | 70 442 528 293 Entered New Map 159 | . . 19 140 Time Decay 984 | 70 362 419 133 Lost Part 190 | . 80 90 20 Squads Dispatched 6 | . 3 3 . Investigation 3 | . 1 2 . Extermination . | . . . . Reinforcement 3 | . 2 1 . Assault . | . . . . Garrison . | . . . . Intercept . | . . . . Searches Triggered . | . . . . Construction Impeded . | . . . . Haulers Reinforced . | . . . . Active Scanning Responses . | . . . . Cargo Convoy Interrupts . | . . . . Stealth | -11 -10 -9 -9 --------- Run | Yrd Mat Mat Min Distress Signals 5 | . . 5 . Communications Jammed . | . . . . Distress Signals . | . . . . Times Spotted 84 | . 23 40 21 Peak Tracking Total 15 | . 4 6 15 Tactical Retreats 9 | . 3 4 2 Traps | -11 -10 -9 -9 ------- Run | Yrd Mat Mat Min Traps Triggered 3 | . 1 2 . Indirectly . | . . . . Trap Hack Attempts . | . . . . Triggered . | . . . . Disarmed . | . . . . Reprogrammed . | . . . . Reused . | . . . . Traps Extracted . | . . . . Installed . | . . . . Triggered . | . . . . Machines | -11 -10 -9 -9 ---------- Run | Yrd Mat Mat Min Machines Disabled . | . . . . Max in Single Turn . | . . . . Machines Repaired . | . . . . Machines Dismantled . | . . . . Machines Sabotaged . | . . . . Overloaded Fab Kills . | . . . . Hacking | -11 -10 -9 -9 --------- Run | Yrd Mat Mat Min Machines Accessed 3 | . 3 . . Terminals 1 | . 1 . . Fabricators . | . . . . Repair Stations . | . . . . Recycling Units 2 | . 2 . . Scanalyzers . | . . . . Garrison Access . | . . . . Total Hacks 5 | . 5 . . Successful 4 | . 4 . . Failed 1 | . 1 . . Catastrophic . | . . . . Database Lockouts . | . . . . Manual . | . . . . Terminals 1 | . 1 . . Fabricators . | . . . . Repair Stations . | . . . . Recycling Units 4 | . 4 . . Scanalyzers . | . . . . Garrison Access . | . . . . Terminal Hacks 1 | . 1 . . Locate Traps 1 | . 1 . . Fabricator Hacks . | . . . . Repair Station Hacks . | . . . . Recycling Unit Hacks 3 | . 3 . . Report Inventory 2 | . 2 . . Retrieve Components 1 | . 1 . . Scanalyzer . | . . . . Garrison Access Hacks . | . . . . Unauthorized Hacks . | . . . . Terminals . | . . . . Fabricators . | . . . . Repair Stations . | . . . . Recycling Units . | . . . . Scanalyzers . | . . . . Garrison Access . | . . . . Data Cores Recovered . | . . . . Used . | . . . . Hacking Detections 1 | . 1 . . Full Trace Events 1 | . 1 . . Feedback Events . | . . . . Feedback Blocked . | . . . . Robot Schematics Acquired . | . . . . Robots Built . | . . . . Authchips . | . . . . Time . | . . . . Total Robot Build Rating . | . . . . Part Schematics Acquired . | . . . . Parts Built . | . . . . Authchips . | . . . . Time . | . . . . Total Part Build Rating . | . . . . Parts Repaired . | . . . . Time . | . . . . Parts Recycled . | . . . . Recycled Matter . | . . . . Retrieved Matter . | . . . . Retrieved Components 10 | . 10 . . Parts Scanalyzed . | . . . . Part Schematics Acquired . | . . . . Parts Damaged . | . . . . Bothacking | -11 -10 -9 -9 ------------ Run | Yrd Mat Mat Min Used RIF Installer . | . . . . Robots Hacked . | . . . . Non-combat . | . . . . Combat . | . . . . Robot Hacks Applied . | . . . . Relay Couplers Released . | . . . . Fabnet Peak Effective % . | . . . . Robots Rewired . | . . . . Allies Hacked . | . . . . Hacks Repelled . | . . . . Allies | -11 -10 -9 -9 -------- Run | Yrd Mat Mat Min Total Allies . | . . . . Largest Group . | . . . . Highest-Rated Group . | . . . . Highest-Rated Ally . | . . . . Total Orders . | . . . . Ally Attacks . | . . . . Total Damage . | . . . . Kills . | . . . . Allies Corrupted . | . . . . Allies Melted . | . . . . Intel | -11 -10 -9 -9 ------- Run | Yrd Mat Mat Min Active Infowar (turns) 1575 | . . 1249 326 Optics 277 | . . . 277 Seismic 1575 | . . 1249 326 Robot Analysis Total . | . . . . Derelict Logs Recovered 1 | . . . 1 Drone Launches . | . . . . Drone Recoveries . | . . . . Exploration | -11 -10 -9 -9 ------------- Run | Yrd Mat Mat Min Turns Passed 3370 | 828 928 1288 326 Spaces Moved 1423 | 366 379 500 178 Core 45 | 15 30 . . Treads 1285 | 351 256 500 178 Legs 93 | . 93 . . Wheels . | . . . . Hover . | . . . . Flight . | . . . . Fastest Speed 50 | 50 120 160 160 Average Speed 156 | 155 153 160 160 Slowest Speed 200 | 160 200 160 160 Overloaded Moves . | . . . . Propulsion Burnouts . | . . . . Robots Hopped . | . . . . Potential Cave-ins . | . . . . Cave-ins Triggered . | . . . . Exploration Rate (%) 36 | 11 61 43 30 Regions Visited 3 Branch Regions 1 Pre-discovered Areas 1 | . . . 1 Known Exits Taken . | . . . . Unknown Exits Taken 3 | 1 1 1 . Scrap Searched . | . . . . Spaces Dug . | . . . . Terrain Destroyed . | . . . . Melee . | . . . . Projectile . | . . . . AOE . | . . . . Terrain Rammed . | . . . . Walls Destroyed . | . . . . Machines Disabled . | . . . . Actions | -11 -10 -9 -9 --------- Run | Yrd Mat Mat Min Total 2070 | 557 554 753 206 Wait 150 | 132 6 11 1 Move 1420 | 365 378 499 178 Hop . | . . . . Pick Up 72 | 15 17 34 6 Fast Attach . | . . . . Attach 28 | 7 6 13 2 Detach . | . . . . Swap 23 | . 6 14 3 Drop 31 | . 8 17 6 Fire 341 | 38 132 162 9 Melee . | . . . . Ram . | . . . . Kick . | . . . . Crush 5 | . 1 3 1 Escape Stasis . | . . . . Rewire . | . . . . Trap . | . . . . Miscellaneous . | . . . . Route ------- -11/Scrapyard -10/Materials (discovered 3 exits: *Mat x2 / [*Min]) -9/Materials -9/Mines (discovered 1 exit: [*Mat]) History --------- Turn | Location | Event 2 | -11/Scrapyard | Met Revision 17 4 | -11/Scrapyard | Discovered new exit (range 16) 829 | -11/Scrapyard | Entered Materials 830 | -10/Materials | Build established: Mutant 1032 | -10/Materials | Discovered new exit (range 15) 1119 | -10/Materials | Lost 4 parts (1p2n1w) 1183 | -10/Materials | Core integrity fell below 50% 1272 | -10/Materials | Discovered new exit (range 16) 1390 | -10/Materials | Lost 3 parts (2n1w) 1630 | -10/Materials | Discovered new exit (range 3) 1757 | -10/Materials | Entered another Materials area 1757 | -9/Materials | Evolved 2 slots: Propulsion x1, Utility x1 2135 | -9/Materials | Build established: Scavenger-Mutant 2865 | -9/Materials | Lost 3 parts (2n1w) 3011 | -9/Materials | Discovered new exit (range 5) 3045 | -9/Materials | Entered Mines 3081 | -9/Mines | Joined a pair of Derelicts in attacking an 0b10 outpost 3131 | -9/Mines | Discovered new exit (range 6) 3172 | -9/Mines | Learned location of Storage (-7) 3298 | -9/Mines | Assembled infested the area 3299 | -9/Mines | Learned Materials stockpile data 3303 | -9/Mines | Assisted by a Guerilla fighting off Assembled 3370 | -9/Mines | Core integrity fell below 50% 3371 | -9/Mines | Self-destructed Last Messages --------------- failed. Whatever you do stay away from that place, they've tightened security following our previous successful raids." World map updated: -7/Storage. 03174_ PJ-7PO(g): "We scattered so the Unaware couldn't effectively use their advantage in numbers, and I suggest you do the same." 03174_ PJ-7PO(g) slips back into the shadows. 03275_ R-06 Scavenger collects Flight Unit. 03278_ Acquired 5 matter. 03298_ ALERT: Infestation in the mines, dispatching Demolisher response squad. 03299_ Acquired derelict log, extracted data. Data stored: Materials stockpile data. 03318_ NY-9BN(h): "I'll hold them off! Go on ahead or try to find another way!" 03343_ Slammed into as-32231. 03364_ Lgt. Treads destroyed. 03369_ Hvy. Assault Rifle destroyed. 03369_ Imp. Ion Engine destroyed. 03369_ as-17826 destroyed. 03371_ Lgt. Treads destroyed. Map ----- +----------------------------------------------------+ | #########????????????????????????????????????????? | | #????????????????????????????????????????? | | #????????????????????????????????????????? | | ###### #????????????????????????????????????????? | | #????????????????????????????????????????????????? | | #????????????????????????????????????????????????? | | ##???????????????????????????????????????????????? | | ##??????????????????????????????????????????????? | | = #####??????????????????????????????????????????? | | ##?????????????????????????????????????????? | | #?????????????????????????????????????????? | | #?????????????????????????????????????????? | | ###?????????????????????????????????????????? | | #####???????????????????????????????????????????? | | #???????????????????????????????????????????????? | | #?????????????????????????????###????#??????????? | | #??????????????????????###???# #### #??????????? | | #???????????????????#### ##?# #??????????? | | #???????????????##### ## " #??????????? | | #???????????????# % #???????????????? | | ##???????????????# ## a =!#????????????????? | | #????????????????# ### a !%#????????????????? | | #??#####?????????# #?## aaa ##????????????????? | | #### ##????????# #??## a#### #?????????????????? | | # #???????## #???##a#??????????????????????? | | ######### ##???#@#??????????????????????? | | #???#aaa?????????????????????? | | ########### #??## ##????????????????????? | | ??######?????????# #??? #?????????????????????? | | ?????????????????# #??? #?????????????????????? | | ?????????????????# #??? #?????????????????????? | | ????????????????? #??? #?????????????????????? | | ????????????????? ##??? #?????????????????????? | | ????????????????? ##???? ?????????????????????? | | ????????????????? #?????##?????????????????????? | | ????????????????? ##????????????????????????????? | | ????????????????? #??????????????????????????????? | | ?????????????????#???????????????????????????????? | | ?????????????????????????????????????????????????? | | ?????????????????????????????????????????????????? | | ?????????????????????????????????????????????????? | | ?????????????????????????????????????????????????? | | | | | | | | | | | | | | | | | +----------------------------------------------------+ Best States ------------- Heat Dissipation 38 Energy Generation 14 Energy Capacity 265 Matter Stores 300 Matter Capacity 300 Sight Range 18 Terrain Scan Density 10 Evasion (%) 50 Targeting Accuracy 5 Recoil Reduction 3 Item Schematics ----------------- None Robot Schematics ------------------ None Fabricated ------------ Nothing Repaired ---------- Nothing Alien Tech Used ----------------- None Achievements -------------- None Challenges ------------ None Game ------ Seed WeaponCoolantScanner Manual? 0 Play Time 00:23:54 Cumulative 23.3 hours Start 2025.08.10 @ 21:28:04 End 2025.08.10 @ 21:51:42 Sessions 1 Manual Loads 0 Difficulty Rogue Special Mode None Game No. 35 Rogue 35 Adventurer 0 Explorer 0 Win Type - Total 0 Types 0/0/0/0/0/0/0/0/0/0 Lore% 12 Gallery% 24 Achievement% 25 Wizard Run 0 Options --------- Layout 2 ASCII 0 Keyboard 0 Movement Numpad Keybinds 0 Fullscreen 1 Font 32/SmallcapsGlow Map View 77x44 Zoom Use 0% Tactical HUD 1 Map Filters NONE Filters NONE Steam 1 RUN: 950fa53d-59e5-431b-b3e2-30b475c47046